 Dungeon Crawl Stone Soup version 0.25-a0-731-g0472a16d6a (webtiles) character file.

Game seed: 2735445872705014184, levelgen mode: deterministic

7954 Amnesiac the Frost Mage (level 11, 0/47 HPs)
             Began as a Vine Stalker Ice Elementalist on Apr 8, 2020.
             Was an Elder of Vehumet.
             Slain by a yak (8 damage)
             ... in an ice cave.
             The game lasted 00:15:54 (8762 turns).

Amnesiac the Frost Mage (VSIE)                      Turns: 8762, Time: 00:15:54

Health: 0/47       AC:  8    Str: 18    XL:     11   Next: 23%
Magic:  0/25       EV: 12    Int: 16    God:    Vehumet [****..]
Gold:   814        SH:  0    Dex: 16    Spells: 13/28 levels left

rFire    x . .     SeeInvis .   a - +3 dagger (elec)
rCold    + + .     Gourm    .   (no shield)
rNeg     . . .     Faith    .   f - +1 robe {rC+}
rPois    .         Spirit   +   k - +2 helmet
rElec    .         Reflect  .   u - scarf {repulsion}
rCorr    .         Harm     .   w - +1 pair of gloves
MR       +....                  (no boots)
Stlth    ++........             t - amulet of regeneration
HPRegen  0.95/turn              n - ring of ice
MPRegen  0.19/turn              G - +6 ring of strength

@: frozen ramparts, repel missiles
A: fangs 3, regeneration 1, magic shield, antimagic bite, no potion heal 3, rot
immunity
a: Renounce Religion


You were in an ice cave.
You worshipped Vehumet.
Vehumet was greatly pleased with you.
You were not hungry.

You visited 3 branches of the dungeon, and saw 12 of its levels.
You also visited: Ossuary and Ice Cave.

You collected 814 gold pieces.

Inventory:

Hand Weapons
 a - a +3 dagger of electrocution (weapon)
 r - a +0 dagger
Armour
 f - a +1 robe of cold resistance (worn)
 k - a +2 helmet (worn)
 u - a scarf of repulsion (worn)
 w - a +1 pair of gloves (worn)
Jewellery
 n - a ring of ice (left hand)
 t - an amulet of regeneration (around neck)
 y - an uncursed ring of see invisible
 E - an uncursed ring of wizardry
 G - a +6 ring of strength (right hand)
 J - an uncursed ring of protection from fire
Wands
 s - a wand of iceblast (21)
 v - a wand of flame (43)
 F - a wand of paralysis (17)
 H - a wand of acid (5)
Scrolls
 b - a scroll of blinking {!r}
 h - 2 scrolls of fear {!r}
 i - 6 scrolls of teleportation {!r}
 j - 5 scrolls of remove curse {!r}
 l - a scroll of enchant weapon {!r}
 p - 2 scrolls of fog {!r}
 A - 4 scrolls of identify {!r}
 D - a scroll of enchant armour {!r}
Potions
 e - 2 potions of brilliance {!q, unknown}
 g - 5 potions of curing {!q}
 m - 3 potions of flight {!q, unknown}
 o - 3 potions of stabbing {!q}
 q - a potion of magic {!q, unknown}
 x - 4 potions of haste {!q}
 z - 3 potions of heal wounds {!q}
 B - a potion of mutation {!q}
 C - 3 potions of invisibility {!q, unknown}
Comestibles
 c - 19 rations
 d - 3 chunks of flesh


   Skills:
 + Level 7.0 Short Blades
 - Level 1.5 Dodging
 - Level 2.4 Stealth
 + Level 9.1 Spellcasting
 * Level 12.7 Ice Magic


You had 13 spell levels left.
You knew the following spells:

 Your Spells              Type           Power        Failure   Level  Hunger
a - Freeze                Ice            ####         1%          1    None
b - Frozen Ramparts       Ice            ######       1%          3    #......
c - Summon Ice Beast      Ice/Summ       #####...     7%          4    ###....
d - Hailstorm             Conj/Ice       #####...     1%          4    ###....
z - Ozocubu's Armour      Chrm/Ice       #####...     2%          3    #......

Your spell library contained the following spells:

 Spells                   Type           Power        Failure   Level  Hunger
 Dazzling Flash           Conj/Hex       #.....       9%          3    #......
 Animate Skeleton         Necr           N/A          10%         1    None
 Apportation              Tloc           #.....       10%         1    None
 Corona                   Hex            #......      10%         1    None
 Summon Small Mammal      Summ           #...         10%         1    None


Dungeon Overview and Level Annotations

Branches:
Dungeon (9/15)             Temple (1/1) D:4             Orc (2/2) D:9
Ossuary (visited)           IceCv (1/1)
   Lair: D:8-11         Elf: Orc:2

Altars:
Ashenzari
Cheibriados
Dithmenos
Elyvilon
Fedhas
Gozag
Hepliaklqana
Kikubaaqudgha
Makhleb
Nemelex Xobeh
Okawaru
Qazlal
Ru
Sif Muna
Trog
Uskayaw
Vehumet
Wu Jian
Xom
Yredelemnul
Zin
The Shining One

Shops:
D:9 (


Innate Abilities, Weirdness & Mutations

You have razor-sharp teeth.
Your natural rate of healing is unusually fast.
When hurt, damage is shared between your health and your magic reserves.
Your bite disrupts and absorbs the magic of your enemies.
Potions cannot restore your health.
You are immune to rotting.


Message History

Casting: Freeze (safe; 1% risk of failure)
Confirm with . or Enter, or press ? or * to list all spells.
Aiming: Freeze (safe; 1% risk of failure)
Press: ? - help, Shift-Dir - straight line, f/p - warg
Aim: a warg (almost dead)
You feel a surge of power!
You freeze the warg.
You kill the warg!
Vehumet accepts your kill.
You feel your power returning.
You see here a warg corpse.
You butcher the warg corpse.
d - 3 chunks of flesh You see here a warg skeleton.
You now have 814 gold pieces (gained 13).
The frozen ramparts melt away.
There is a frozen archway here.
Okay, then.
The world spins around you as you enter the gateway.
You enter an ice cave!
A wolf and 3 yaks come into view.
The yak bellows!
The wolf howls!
Found an ice covered gate leading back out of this place.
There is an ice choked empty arch of ancient stone here.
The yak snorts and paws the ground.
Casting: Freeze (safe; 1% risk of failure)
Confirm with . or Enter, or press ? or * to list all spells.
You feel a surge of power!
The walls around you are covered in ice.
The yak bellows! x2
The wolf bites you.
The wall freezes the yak.
The wall freezes the wolf. x2; The wolf bites you!
The wall freezes the yak. x2
You hit the yak but do no damage. Lightning courses through the yak!!
The yak is severely wounded.
The wall freezes the wolf.
The wolf barely misses you.
You hit the yak but do no damage. You bite the yak. You drain its power.
You feel invigorated.
The yak is severely wounded.
The wall freezes the wolf.
The wolf bites you!
The wall freezes the yak.
The yak gores you!
The wall freezes the yak.
You hit the wolf. You bite the wolf. You drain its power.
You feel invigorated.
The wolf is almost dead.
The wall freezes the wolf.
You kill the wolf!
Vehumet accepts your kill.
You feel your power returning.
The wall freezes the yak!
You kill the yak!
Vehumet accepts your kill.
You feel your power returning.
Your Short Blades skill increases to level 7!
The wall freezes the yak! x2
You hit the yak.
The yak is heavily wounded.
The wall freezes the yak.
The yak gores you!
* * * LOW HITPOINT WARNING * * *
The wall freezes the yak.
The yak gores you!
* * * LOW HITPOINT WARNING * * *
You hit the yak but do no damage. You bite the yak. You drain its power.
You feel invigorated.
The yak is severely wounded.
The wall freezes the yak.
The yak gores you!
* * * LOW HITPOINT WARNING * * *
The wall freezes the yak!
The yak gores you!
You die...

## ..##
...##
#...#
##...#
#...#
##...##
##Y....##
#@Y.∩...#
#.......#
##..∩..##
##...##
#####


You could see 2 yaks.

Vanquished Creatures
  Joseph (D:9)
  A rime drake (Orc:2)
  2 trolls
  A hornet (D:9)
  A shadow (D:9)
  A wraith (Ossuary)
  6 yaks
  A wyvern (D:9)
  A warg (Orc:2)
  3 orc warriors
  2 phantoms
  6 sky beasts
  2 ice beasts (D:9)
  7 ogres
  A necrophage (D:9)
  2 centaurs
  A wolf (IceCv)
  A big kobold (D:7)
  An elf zombie (D:5)
  3 bullfrogs
  A wyvern zombie (D:7)
  An elf skeleton (D:5)
  3 scorpions
  6 killer bees (D:8)
  3 wights (Ossuary)
  2 howler monkeys (D:8)
  2 centaur zombies
  3 crimson imps
  2 centaur skeletons
  3 hounds
  A jelly (D:7)
  3 bullfrog skeletons
  6 orc priests
  A human zombie (D:5)
  5 iguanas
  2 human skeletons (D:5)
  3 orc wizards
  10 worker ants
  2 worker ant zombies
  7 adders
  A howler monkey skeleton (D:6)
  A shadow imp (D:5)
  2 oozes (D:1)
  4 adder skeletons
  2 adder zombies (Ossuary)
  5 worms
  3 dart slugs
  3 leopard geckos
  26 orcs
  6 bats
  6 giant cockroaches
  5 goblins
  6 hobgoblins
  6 jackals
  4 quokkas
  2 ball pythons
  4 frilled lizards
  A hobgoblin skeleton (Ossuary)
  2 hobgoblin zombies (Ossuary)
  9 kobolds
  A leopard gecko zombie (D:5)
  An orc skeleton (D:5)
  An orc zombie (Ossuary)
  A quokka zombie (D:5)
  2 rats
214 creatures vanquished.

Vanquished Creatures (collateral kills)
  Harold (D:7)
  A rime drake (Orc:2)
  A wraith (Ossuary)
3 creatures vanquished.

Grand Total: 217 creatures vanquished

Notes
Turn   | Place    | Note
-------+----------+-------------------------------------------
     0 | D:1      | Amnesiac the Vine Stalker Ice Elementalist began the quest
                  | for the Orb.
     0 | D:1      | Reached XP level 1. HP: 9/9 MP: 4/4
   158 | D:1      | Reached XP level 2. HP: 9/13 MP: 3/6
   829 | D:4      | Reached XP level 3. HP: 5/16 MP: 1/8
   834 | D:4      | Learned a level 3 spell: Frozen Ramparts
   838 | D:4      | Learned a level 3 spell: Ozocubu's Armour
  1042 | D:4      | Reached skill level 5 in Ice Magic
  1042 | D:4      | Gained mutation: Your natural rate of healing is unusually
                  | fast. [Vine Stalker growth]
  1042 | D:4      | Reached XP level 4. HP: 8/21 MP: 0/9
  1185 | D:4      | Reached XP level 5. HP: 21/24 MP: 1/11
  1330 | D:4      | Noticed a phantom
  1336 | D:4      | Reached skill level 6 in Ice Magic
  1338 | D:4      | Reached XP level 6. HP: 9/28 MP: 0/12
  1422 | D:4      | Learned a level 4 spell: Summon Ice Beast
  1700 | D:4      | Found a staircase to the Ecumenical Temple.
  1712 | Temple   | Entered the Ecumenical Temple
  1793 | Temple   | Became a worshipper of Vehumet
  1866 | D:3      | Reached skill level 7 in Ice Magic
  1912 | D:3      | Killed a phantom
  1912 | D:3      | Reached XP level 7. HP: 21/32 MP: 8/15
  2277 | D:1      | Learned a level 4 spell: Hailstorm
  3162 | D:3      | Reached * piety under Vehumet
  3162 | D:3      | Offered knowledge of Sandblast by Vehumet.
  3775 | D:5      | Entered Level 5 of the Dungeon
  3921 | D:5      | Reached skill level 1 in Short Blades
  3924 | D:5      | Found a sand-covered staircase.
  3932 | D:5      | Reached skill level 5 in Spellcasting
  3960 | Ossuary  | Entered an ossuary
  4044 | Ossuary  | Reached skill level 8 in Ice Magic
  4065 | Ossuary  | Noticed a wraith
  4065 | Ossuary  | Noticed a flying skull
  4073 | Ossuary  | Noticed a flying skull
  4084 | Ossuary  | Gained mutation: You have razor-sharp teeth. [Vine Stalker
                  | growth]
  4084 | Ossuary  | Reached XP level 8. HP: 30/36 MP: 12/16
  4091 | Ossuary  | Noticed a flying skull
  4093 | Ossuary  | Noticed a flying skull
  4093 | Ossuary  | Noticed a flying skull
  4123 | Ossuary  | Noticed a wraith
  4137 | Ossuary  | Killed a wraith
  4246 | Ossuary  | Noticed a wraith
  4252 | Ossuary  | Killed a wraith
  4252 | Ossuary  | Offered knowledge of Magic Dart by Vehumet.
  4432 | D:6      | Reached ** piety under Vehumet
  4438 | D:6      | Found a sparkling altar of Nemelex Xobeh.
  4575 | D:5      | Reached skill level 9 in Ice Magic
  5413 | D:6      | Reached XP level 9. HP: 14/39 MP: 7/19
  5791 | D:6      | Found a glowing silver altar of Zin.
  6042 | D:7      | Offered knowledge of Stone Arrow by Vehumet.
  6056 | D:7      | Found a blossoming altar of Fedhas.
  6229 | D:7      | Reached skill level 10 in Ice Magic
  6386 | D:7      | Reached *** piety under Vehumet
  6703 | D:7      | Noticed Harold
  6721 | D:7      | Killed Harold
  6721 | D:7      | Reached skill level 5 in Short Blades
  6721 | D:7      | Reached XP level 10. HP: 44/44 MP: 4/22
  6914 | D:8      | Reached skill level 11 in Ice Magic
  6928 | D:8      | Found a radiant altar of Vehumet.
  7017 | D:8      | Offered knowledge of Ignite Poison by Vehumet.
  7816 | D:9      | Found a staircase to the Orcish Mines.
  7965 | D:9      | Reached skill level 12 in Ice Magic
  8006 | D:9      | Reached **** piety under Vehumet
  8145 | D:9      | Found Othaigij's Antique Weapon Boutique.
  8146 | D:9      | Noticed Joseph
  8169 | D:9      | Killed Joseph
  8317 | D:9      | Offered knowledge of Dazzling Flash by Vehumet.
  8317 | D:9      | Reached XP level 11. HP: 34/47 MP: 5/24
  8417 | Orc:1    | Entered Level 1 of the Orcish Mines
  8683 | Orc:2    | Entered Level 2 of the Orcish Mines
  8732 | Orc:2    | Found a frozen archway.
  8752 | IceCv    | Entered an ice cave
  8762 | IceCv    | Slain by a yak

Levels and vault maps discovered:
D:1:      tarquinn_simple_flora_water_b, layout_loops_corners
D:2:      layout_loops_cross
D:3:      layout_basic, first_ration
D:4:      layout_rooms, minmay_temple_entry_drinking_statues
D:5:      layout_basic, nicolae_ossuary_entry_catacombs
D:6:      layout_basic, nicolae_overflow_crystal_walls,
          nemelex_spade_bored_becter
D:7:      layout_basic, grunt_ogre_cave, fedhas_ov_isle_minmay, uniq_harold
D:8:      layout_rooms, vehumet_altar_wand_db
D:9:      layout_basic, david_orc_3, serial_shops, shop_fountains, uniq_joseph
Temple:   grunt_wide_crystal_templ
Orc:1:    layout_caves, uniq_jorgrun, uniq_fannar
Orc:2:    st_orc_rangers, layout_diamond_mine, portal_ice_cave_rime,
          lightli_church_of_beogh
IceCv:    ice_cave_small_giant

Skill      XL: |  1  2  3  4  5  6  7  8  9 10 11 |
---------------+----------------------------------+-----
Spellcasting   | 3 4 5 6 7 8 9 |  9.1
Ice Magic      | 5 6 7 8 9 10 12 | 12.7
Short Blades   | 1 3 5 6 7 |  7.0
Dodging        | |  1.5
Stealth        | |  2.4

Action                   |  1- 3 |  4- 6 |  7- 9 | 10-12 || total
-------------------------+-------+-------+-------+-------++-------
Melee: Unarmed           |    15 |    19 |       |       ||    34
       Bite              |     6 |    18 |    68 |    36 ||   128
       Dagger            |       |    29 |   287 |    83 ||   399
 Cast: Freeze            |    27 |    50 |    32 |    76 ||   185
       Frozen Ramparts   |       |     3 |    13 |    20 ||    36
       Summon Ice Beast  |       |     2 |     6 |     5 ||    13
       Hailstorm         |       |       |       |     1 ||     1
  Use: Scroll            |       |       |    13 |     2 ||    15
       Potion            |       |       |     2 |     1 ||     3
 Stab: Sleeping          |       |       |    11 |       ||    11
  Eat: Chunk             |       |     4 |    13 |     8 ||    25
       Ration            |       |       |     1 |       ||     1
Armor: Robe              |    12 |    31 |    81 |    36 ||   160
Dodge: Dodged            |    17 |    56 |   142 |    59 ||   274
       Deflected         |       |       |     2 |     9 ||    11

Table legend:
 A = Non-vault XP
 B = Vault XP
 C = Vault XP percentage of total XP
 D = Non-vault monster count
 E = Vault monster count
 F = Vault count percentage of total count
                 A         B        C        D         E       F
            +---------+---------+-------+---------+---------+-------
      Total |    8111 |    3253 |  28.6 |     187 |      30 |  13.8
            +---------+---------+-------+---------+---------+-------
        D:1 |      46 |       0 |   0.0 |      18 |       0 |   0.0
        D:2 |      22 |       0 |   0.0 |       9 |       0 |   0.0
        D:3 |     173 |       0 |   0.0 |      21 |       0 |   0.0
        D:4 |     553 |       0 |   0.0 |      28 |       0 |   0.0
        D:5 |     616 |     286 |  31.7 |      16 |       6 |  27.3
        D:6 |     456 |       0 |   0.0 |      17 |       0 |   0.0
        D:7 |     957 |     973 |  50.4 |      21 |       2 |   8.7
        D:8 |    1044 |       2 |   0.2 |      22 |       1 |   4.3
        D:9 |    3391 |     423 |  11.1 |      24 |       5 |  17.2
      Orc:1 |     568 |       0 |   0.0 |       7 |       0 |   0.0
      Orc:2 |     285 |     650 |  69.5 |       4 |       2 |  33.3
    Ossuary |       0 |     587 | 100.0 |       0 |      12 | 100.0
      IceCv |       0 |     332 | 100.0 |       0 |       2 | 100.0
            +---------+---------+-------+---------+---------+-------
